 Dungeon Crawl Stone Soup version 0.17.1-1-g73c8601 (webtiles) character file.

249 DishwasherDemon the Cudgeler (level 6, -2/63 HPs)
             Began as an Ogre Abyssal Knight on Dec 28, 2015.
             Was a Priest of Lugonu.
             Killed by a spatial distortion (3 damage)
             ... on level 4 of the Dungeon.
             The game lasted 00:18:10 (3431 turns).

DishwasherDemon the Cudgeler (Ogre Abyssal Knight)  Turns: 3431, Time: 00:18:10

Health: -2/63      AC:  8    Str: 23    XL:     6   Next: 12%
Magic:  6/7        EV: 10    Int: 11    God:    Lugonu [***...]
Gold:   53         SH:  0    Dex: 10    Spells: 0 memorised, 5 levels left

rFire  . . .     SeeInvis .     o - +1 mace (crush)
rCold  . . .     Clarity  +     b - +1 robe
rNeg   . . .     SustAt   +     (no shield)
rPois  .         Gourm    .     (helmet restricted)
rElec  .         Spirit   .     (no cloak)
rCorr  .         Warding  .     (gloves unavailable)
rMut   .         Stasis   .     (boots unavailable)
MR     .....                    (no amulet)
Stlth  +.........               (no ring)
                                n - ring of sustain attributes

@: mighty, not resistant to hostile enchantments, very unstealthy
A: unfitting armour, rough black scales 1, clarity, tough skin 1
a: Depart the Abyss, Bend Space, Banish, Renounce Religion


You were on level 4 of the Dungeon.
You worshipped Lugonu.
Lugonu was most pleased with you.
You were not hungry.

You visited 1 branch of the dungeon, and saw 4 of its levels.
You visited the Abyss 1 time.
You also visited: Sewer.

You collected 53 gold pieces.

Inventory:

Hand Weapons
 i - a +1 vampiric spear
 o - a +1 mace of crushing (weapon)
Missiles
 p - 2 tomahawks (quivered)
Armour
 b - a +1 robe (worn)
Rods
 r - a +0 rod of destruction (14/14)
   (You found it on level 3 of the Dungeon)
Jewellery
 n - a ring of sustain attributes (left hand)
Wands
 s - a wand of digging (24)
Scrolls
 e - 5 scrolls of remove curse
 k - 2 scrolls of blinking
 l - a scroll of amnesia
 q - a scroll of enchant armour
 u - a scroll of magic mapping
 v - 2 scrolls of teleportation
Potions
 d - 7 potions of brilliance
 h - 3 potions of might
 j - a potion of heal wounds {unknown}
Comestibles
 a - 3 chunks of flesh
 c - 2 bread rations
 m - a meat ration


   Skills:
 * Level 4.3 Fighting
 * Level 7.7 Maces & Flails
 * Level 0.4 Throwing
 - Level 2.1 Dodging
 * Level 2.5 Invocations


You had 5 spell levels left.
You didn't know any spells.

Dungeon Overview and Level Annotations

Branches:
Dungeon (4/15)
 Temple: D:4-7

Altars:

Annotations:
D:4 1 exclusion, SaintRoka's ghost, amateur NaCK


Innate Abilities, Weirdness & Mutations

You are too large for most types of armour.
You have tough skin (AC +1).
You are partially covered in rough black scales (AC +4, Dex -1).
You possess an exceptional clarity of mind.


Message History

SaintRoka's ghost hits you.
* * * LOW HITPOINT WARNING * * *
You barely miss SaintRoka's ghost.
SaintRoka's ghost is severely damaged.
SaintRoka's ghost hits you.
* * * LOW HITPOINT WARNING * * *
Drink which item? (? for menu, Esc to quit)
You feel better. SaintRoka's ghost barely misses you.
You sock SaintRoka's ghost!
SaintRoka's ghost is severely damaged.
SaintRoka's ghost hits you!
* * * LOW HITPOINT WARNING * * *
Drink which item? (? for menu, Esc to quit)
Okay, then.
Space bends around you!
You blink.
* * * LOW HITPOINT WARNING * * *
You feel slightly more hungry. The worm bites you.
* * * LOW HITPOINT WARNING * * *
Space bends around you!
You blink.
You die...

... #...#.............
....##...#.......W.....
........§...#..........
.......wW..............
##.###†##.............
###.###§##..........#..
........##..........#.#
###.##..##..##.........
#@.#.......##.....
.................#......
.....###.#.....$##......
.... #.#...... #......
.## #.#......##.....#
#.# #.#.........# ..
..........#.# ..
.......W.##.#
...#....###.#


You could see a worm and SaintRoka's ghost.

Vanquished Creatures
  An orc priest (D:4)
  A hound (D:3)
  An orc wizard (D:4)
  Terence (D:3)
  An iguana (D:4)
  A river rat (Sewer)
  6 worms
  2 giant geckos
  8 orcs
  6 giant cockroaches
  4 goblins
  4 hobgoblins
  4 jackals
  9 kobolds
  A quokka (D:2)
  6 ball pythons
  7 bats
  9 giant newts
  23 rats
  2 plants (D:2)
97 creatures vanquished.

Notes
Turn   | Place    | Note
--------------------------------------------------------------
     0 | Abyss:1  | DishwasherDemon the Ogre Abyssal Knight began the quest for the Orb.
     0 | Abyss:1  | Reached XP level 1. HP: 24/24 MP: 2/2
    10 | D:1      | Escaped the Abyss
    78 | D:1      | Reached XP level 2. HP: 4/32 MP: 3/3
   714 | D:1      | Reached ** piety under Lugonu
   853 | D:1      | Reached XP level 3. HP: 39/39 MP: 4/4
  1452 | D:2      | Reached skill level 5 in Maces & Flails
  1938 | D:3      | Reached XP level 4. HP: 44/48 MP: 5/5
  2196 | D:3      | Identified a +0 rod of destruction (14/14) (You found it on level 3 of the Dungeon)
  2241 | D:3      | Noticed Terence
  2257 | D:3      | Killed Terence
  2257 | D:3      | Reached skill level 6 in Maces & Flails
  2565 | D:3      | Reached XP level 5. HP: 47/54 MP: 6/6
  2579 | D:4      | Found a glowing drain.
  2582 | D:4      | Reached *** piety under Lugonu
  2615 | Sewer    | Entered a sewer
  2693 | Sewer    | Reached skill level 7 in Maces & Flails
  3110 | D:4      | Reached XP level 6. HP: 32/63 MP: 4/7
  3213 | D:4      | Noticed SaintRoka's ghost (amateur NaCK)
  3381 | D:3      | Gained mutation: You tend to lose your temper in combat. [potion of mutation]
  3381 | D:3      | Lost mutation: You tend to lose your temper in combat. [potion of mutation]
  3381 | D:3      | Gained mutation: Your magical capacity is low (-10% MP). [potion of mutation]
  3382 | D:3      | Lost mutation: Your magical capacity is low (-10% MP). [potion of mutation]
  3382 | D:3      | Gained mutation: You possess an exceptional clarity of mind. [potion of mutation]
  3382 | D:3      | Gained mutation: You are partially covered in rough black scales (AC +4, Dex -1). [potion of mutation]
  3427 | D:4      | HP: 2/63 [SaintRoka's ghost (5)]
  3431 | D:4      | Killed by a spatial distortion

Action                   |  1- 3 |  4- 6 || total
-------------------------+-------+-------++-------
Melee: Mace              |   179 |   155 ||   334
Throw: Tomahawk          |       |     9 ||     9
Invok: Bend Space        |       |     2 ||     2
  Use: Scroll            |     7 |     3 ||    10
       Potion            |     1 |     4 ||     5
 Stab: Sleeping          |     2 |       ||     2
       Distracted        |       |     1 ||     1
  Eat: Chunk             |     3 |     6 ||     9
